 Dungeon Crawl Stone Soup version 0.28-a0-479-g5baa6b73be (webtiles) character file.

Game seed: 10762385701494037190

0 spiderkeys the Skirmisher (level 1, -6/23 HPs)
             Began as a Gnoll Abyssal Knight on Sept 18, 2021.
             Was a Follower of Lugonu.
             Mangled by a hellwing (8 damage)
             ... on level 2 of the Abyss.
             The game lasted 00:01:49 (204 turns).

spiderkeys the Skirmisher (Gnoll Abyssal Knight)     Turns: 204, Time: 00:01:50

Health: -6/23      AC:  3    Str: 11    XL:     1   Next: 0%
Magic:  3/3        EV: 11    Int: 11    God:    Lugonu [*.....]
Gold:   28         SH:  0    Dex: 11    Spells: 0/0 levels left

rFire   . . .      SeeInvis .   a - +2 spear
rCold   . . .      Faith    .   (no shield)
rNeg    . . .      Spirit   .   b - +0 leather armour
rPois   .          Reflect  .   (no helmet)
rElec   .          Harm     .   (no cloak)
rCorr   .          Rampage  .   (no gloves)
Will    .....                   (no boots)
Stlth   +.........              (no amulet)
HPRegen 0.07/turn               (no ring)
MPRegen 0.08/turn               (no ring)

@: no status effects
A: fangs 1, strong nose, distributed training
a: Renounce Religion, Depart the Abyss


You were on level 2 of the Abyss.
You worshipped Lugonu.
Lugonu was aware of your devotion.
You visited 0 branches of the dungeon, and saw 0 of its levels.
You visited the Abyss 1 time.

You collected 28 gold pieces.


Innate Abilities, Weirdness & Mutations

You have very sharp teeth.
Your uncanny sense of smell can sniff out nearby items.
Your experience applies equally to all skills.


   Skills:
 + Level 6.4 Fighting
 + Level 0.0 Short Blades
 + Level 0.0 Long Blades
 + Level 0.0 Axes
 + Level 0.0 Maces & Flails
 + Level 4.4 Polearms
 + Level 0.0 Staves
 + Level 0.0 Slings
 + Level 0.0 Bows
 + Level 0.0 Crossbows
 + Level 0.0 Throwing
 + Level 4.4 Armour
 + Level 2.3 Dodging
 + Level 0.0 Stealth
 + Level 0.0 Shields
 + Level 0.0 Unarmed Combat
 + Level 0.0 Spellcasting
 + Level 0.0 Conjurations
 + Level 0.0 Hexes
 + Level 0.0 Summonings
 + Level 0.0 Necromancy
 + Level 0.0 Translocations
 + Level 0.0 Transmutations
 + Level 0.0 Fire Magic
 + Level 0.0 Ice Magic
 + Level 0.0 Air Magic
 + Level 0.0 Earth Magic
 + Level 0.0 Poison Magic
 + Level 4.4 Invocations
 + Level 0.0 Evocations


You couldn't memorise any spells.
You didn't know any spells.
Your spell library was empty.

Inventory:

Hand Weapons
 a - a +2 spear (weapon)
Missiles
 d - 12 poisoned darts
Armour
 b - a +0 leather armour (worn)
Potions
 c - a potion of might

Dungeon Overview and Level Annotations

Branches:
Dungeon (0/15)

Altars:

##.###.
####.....
#....... #.#.#..
###
####.....##..#
###.#.#......#
..#. .....#.#.#
#.#...###x..##
#.....4@#/##
#...#...#..## .#
##.....#.. .
#..#......#
..##.#.#.#...#
.#....##.#.#..#
#....#..##.#...#
###.###.# #.....
...# .. # .#...


You could see a hellwing and a small abomination.


Message History

Your +1 spear glows red for a moment.
There is a gateway leading deeper into the Abyss here.
You plunge deeper into the Abyss.
Found a corrupted altar of Lugonu.
e - a scroll labelled XETIRO OSIEL
f - a gluggy blue potion
g - a wand of charming (9)
As you read the scroll labelled XETIRO OSIEL, it crumbles to dust.
You feel strangely unstable.
You feel the power of the Abyss delaying your translocation!
It was a scroll of teleportation.
You are suddenly pulled into a different region of the Abyss!
c - 2 fuming ruby potions (gained 1)
e - a scroll labelled NAUSEU SIFUD
As you read the scroll labelled NAUSEU SIFUD, it crumbles to dust.
You feel momentarily disoriented.
It was a scroll of magic mapping.
It was a potion of might.
You feel very mighty all of a sudden.
It was a potion of cancellation.
Your magical effects are unravelling.
You feel magically purged.
You feel a little less mighty now.
You now have 28 gold pieces (gained 20).
A small abomination comes into view.
You see here a wand of charming (6).
Aiming: Charm
Press: ? - help, Shift-Dir - straight line, f - small abomination
Aim: a small abomination (translocational energy, wandering, hasn't noticed you, chance to affect: 28%)
The small abomination easily resists.
A hellwing comes into view.
Aiming: Charm
Press: ? - help, Shift-Dir - straight line, f/p - small abomination
Aim: a small abomination (chance to affect: 28%)
The small abomination is charmed.
The hellwing gives a chilling moan.
What are your orders? t - Bark!
Orders for allies: a - Attack new target. p - Attack previous target. r - Retreat! s - Stop attacking. g - Guard the area. f - Follow me.
Anything else - Cancel.
Gang up on whom?
Press: ? - help, Dir - move target, f - hellwing, p - small abomination
Aim: a hellwing Attack!
Your small abomination closely misses the hellwing.
The hellwing hits your small abomination.
The hellwing barely misses your small abomination.
Your small abomination barely misses the hellwing.
The hellwing hits your small abomination. x2
Your small abomination closely misses the hellwing.
Your small abomination hits the hellwing but does no damage.
The hellwing misses your small abomination.
The hellwing hits your small abomination.
A small abomination comes into view.
You hear a chilling moan.
Aiming: Charm
Press: ? - help, Shift-Dir - straight line, f - small abomination
Aim: a small abomination (wandering, hasn't noticed you, chance to affect: 28%)
The small abomination easily resists.
Aiming: Charm
Press: ? - help, Shift-Dir - straight line, f/p - small abomination
Aim: a small abomination (chance to affect: 28%)
The small abomination easily resists.
Aiming: Charm
Press: ? - help, Shift-Dir - straight line, f/p - small abomination
Aim: a small abomination (chance to affect: 28%)
The small abomination easily resists.
Aiming: Charm
Press: ? - help, Shift-Dir - straight line, f/p - small abomination
Aim: a small abomination (chance to affect: 28%)
The small abomination easily resists.
Aiming: Charm
Press: ? - help, Shift-Dir - straight line, f/p - small abomination
Aim: a small abomination (chance to affect: 28%)
The small abomination easily resists.
The hellwing hits you.
The hellwing barely misses you. 😕 HP[-5]
You take 5 damage, and now have 18/23 hp.
MASSIVE DAMAGE!! (PAUSE) 😕 HP[+1]
Aiming: Charm
Press: ? - help, Shift-Dir - straight line, f/p - small abomination
Aim: a small abomination (chance to affect: 28%)
The small abomination easily resists.
The small abomination hits you. The hellwing hits you!
Ouch! That really hurt!
* * * LOW HITPOINT WARNING * * *
The hellwing hits you but does no damage. 😱 HP[-17]
You take 17 damage, and now have 2/23 hp.
MASSIVE DAMAGE!! (PAUSE)
Aiming: Charm
Press: ? - help, Shift-Dir - straight line, f/p - small abomination
Aim: a small abomination (chance to affect: 28%)
The small abomination easily resists.
The now-empty wand crumbles to dust.
The small abomination barely misses you.
The hellwing swoops through the air toward you!
The hellwing closely misses you. The hellwing hits you!
You die...

Action                   || total
-------------------------++-------
Evoke: Wand              ||     9
  Use: Scroll            ||     4
       Potion            ||     2
Armor: Leather armour    ||     1
Dodge: Dodged            ||     3

Levels and vault maps discovered:
Abyss:2:  base: Temple, minivault_27

Notes
Turn   | Place    | Note
-------+----------+-------------------------------------------
     0 | Abyss:1  | spiderkeys the Gnoll Abyssal Knight began the quest for the
                  | Orb.
     0 | Abyss:1  | Reached XP level 1. HP: 23/23 MP: 3/3
     0 | Abyss:1  | magus.rc [v1.9.10]
     2 | Abyss:1  | Found a corrupted altar of Lugonu.
   111 | Abyss:2  | Found a corrupted altar of Lugonu.
   188 | Abyss:2  | Noticed a small abomination
   189 | Abyss:2  | Noticed a hellwing
   194 | Abyss:2  | Noticed a small abomination
   201 | Abyss:2  | HP: 2/23 [hellwing (16)]
   204 | Abyss:2  | Mangled by a hellwing

Vanquished Creatures (others)
  A small abomination (Abyss:2)
1 creature vanquished.

Table legend:
 A = Non-vault XP
 B = Vault XP
 C = Vault XP percentage of total XP
 D = Non-vault monster count
 E = Vault monster count
 F = Vault count percentage of total count
                 A         B        C        D         E       F
            +---------+---------+-------+---------+---------+-------
      Total |       0 |       0 |   N/A |       0 |       0 |  -nan
            +---------+---------+-------+---------+---------+-------
            +---------+---------+-------+---------+---------+-------

Illustrated notes

Table legend: (Time is in decaauts)
 A = Elapsed time spent in this place.
 B = Non-inter-level travel time spent in this place.
 C = Inter-level travel time spent in this place.
 D = Time resting spent in this place.
 E = Time spent auto-exploring this place.
 F = Levels seen in this place.
 G = Mean time per level.
                   A        B        C        D        E       F      G
               +--------+--------+--------+--------+--------+-----+--------+
         Total |    203 |    203 |      0 |      0 |     17 |   2 |  101.5 |
         Abyss |    203 |    203 |      0 |      0 |     17 |   2 |  101.5 |
               +--------+--------+--------+--------+--------+-----+--------+

Top non-repeatable levels by time:
 Abyss:1: 110 daAuts
 Abyss:2: 93 daAuts
